cohdb
Replays
Latest Replays
All Replays
Popular Replays
Top Player Replays
Match Explorer
How It Works
Community
CoH3 Stats
Reddit
Sign in to upload your games and track your stats! →
Sign in with Steam
Match 43031382
Unlisted
Match 43031382
Overview
Messages
Build Orders
End
Royal Engineer Section
Construct Section Command Post
Infantry Section
Selects Air and Sea Battlegroup
Infantry Section
Infantry Section
Selects Supply Surplus
Grenade Package
Infantry Section
Selects UNKNOWN (223837)
Construct Resource Cache
Construct Resource Cache
Construct Platoon Command Post
Construct Company Command Post
Construct Resource Cache
Centaur IV Medium Tank
Centaur IV Medium Tank
Foot Guards Section
Armored Vehicle Training
Unlock Towed 17-pounder Anti-tank Guns
Infantry Training
Unlock M3 Grant Medium Tanks
Royal Engineer Section
Selects Naval Bombardment
Selects Naval Bombardment
M3 Grant Medium Tank
BloodSpark
JRocinante
Cons01
iPlayThisNaked
Anhangá
仙台葉月@宮城のけち
Momoi Gaming
Muchozol
0
0
Comments
sign in to comment!
No comments posted yet!